 Dungeon Crawl Stone Soup version 0.27.0-66-gdc8fb28755 (webtiles) character file.

Game seed: 5039139574117752244

46 shadowrider38 the Ruffian (level 3, 0/31 HPs)
             Began as a Ghoul Monk on Aug 20, 2021.
             Slain by a jackal (3 damage)
             ... on level 2 of the Dungeon.
             The game lasted 00:02:39 (1620 turns).

shadowrider38 the Ruffian (Ghoul Monk)              Turns: 1620, Time: 00:02:39

Health: 0/31       AC:  2    Str: 15    XL:     3   Next: 68%
Magic:  2/2        EV: 12    Int:  5    God:
Gold:   34         SH:  0    Dex: 11    Spells: 2/2 levels left

rFire    . . .     SeeInvis .     - Unarmed
rCold    + . .     Faith    .   (no shield)
rNeg     + + +     Spirit   .   a - +0 robe
rPois    ∞         Reflect  .   (no helmet)
rElec    .         Harm     .   (no cloak)
rCorr    .         Rampage  .   (no gloves)
Will     .....                  (no boots)
Stlth    ++........             (no amulet)
HPRegen  0.00/turn              (no ring)
MPRegen  0.08/turn              (no ring)

@: inhibited regen
A: claws 1, cold resistance 1, negative energy resistance 3, inhibited
regeneration, torment resistance 2
a: no special abilities


You were on level 2 of the Dungeon.
You visited 1 branch of the dungeon, and saw 2 of its levels.

You collected 34 gold pieces.

Inventory:

Missiles
 g - 15 poisoned darts (quivered)
Armour
 a - a +0 robe (worn)
Jewellery
 e - a ring of fire
Scrolls
 b - a scroll of acquirement {unknown}
 h - a scroll of immolation {unknown}
 i - a scroll of magic mapping {unknown}
Potions
 c - a potion of flight {unknown}
 d - a potion of heal wounds {unknown}
 f - a potion of curing {unknown}


   Skills:
 - Level 3.2 Fighting
 - Level 2.6 Dodging
 - Level 2.1 Stealth
 + Level 5.0 Unarmed Combat


You had 2 spell levels left.
You didn't know any spells.
Your spell library contained the following spells:

 Spells                   Type           Power      Damage    Failure   Level
 Blink                    Tloc           N/A        N/A       63%         2
 Lesser Beckoning         Tloc           0%         N/A       85%         3
 Manifold Assault         Tloc           0%         N/A       100%        5


Dungeon Overview and Level Annotations

Branches:
Dungeon (2/15)

Altars:

Annotations:
D:2 Robin


Innate Abilities, Weirdness & Mutations

You thrive by killing the living.
You are immune to poison.
You have sharp fingernails.
Your flesh is cold resistant. (rC+)
You are immune to negative energy. (rN+++)
You do not regenerate when monsters are visible.
You are immune to unholy pain and torment.


Message History

A goblin comes into view. It is wielding a +0 dagger.
Robin throws the goblin at you!
The goblin unwields a +0 hunting sling.
The goblin wields a +0 club.
The goblin hits you with a +0 club.
A goblin comes into view. It is wielding a +0 club.
Robin roars a battlecry!
A hobgoblin comes into view.
The goblin barely misses you. The jackal closely misses you.
The goblin hits you with a +0 club. The jackal barely misses you.
Robin throws the goblin at you!
You closely miss the goblin. The jackal bites you.
The goblin hits you with a +0 dagger. The jackal bites you.
Robin throws the goblin at you!
You barely miss the goblin. The goblin closely misses you.
The jackal barely misses you. The goblin hits you with a +0 club.
You claw the goblin!
You kill the goblin!
You feel better. The goblin barely misses you. The jackal misses you.
The goblin barely misses you. The goblin hits you with a +0 club.
The jackal barely misses you.
Things that are here:
a +0 dagger; a goblin corpse The hobgoblin hits you.
* * * LOW HITPOINT WARNING * * *
The jackal bites you.
* * * LOW HITPOINT WARNING * * *
The goblin no longer looks unusually strong.
The goblin no longer looks unusually strong.
The hobgoblin no longer looks unusually strong.
You scratch the hobgoblin.
The hobgoblin is almost dead.
The hobgoblin hits you but does no damage.
The jackal barely misses you.
You scratch the hobgoblin.
You kill the hobgoblin!
The jackal bites you.
* * * LOW HITPOINT WARNING * * *
The jackal bites you.
You die...

######## ##### #......#
##...## #.####.#
#####.###.#
#.####.########h.gggg.#.#
#.##..........@h###.#.#.#
#.##.#.########## ##h..##
#......# ##.## ####.###
####g###### #..#
#..ggg....# ####.####
#.#gg##.#.# #.......# #
#.......# #.......#
#.....#.# #.......#
#.##.g# #


You could see 2 jackals, a hobgoblin and 3 goblins.

Vanquished Creatures
  3 dart slugs
  2 ball pythons
  3 bats
  An endoplasm (D:1)
  2 giant cockroaches (D:1)
  5 hobgoblins
  8 jackals
  2 quokkas (D:1)
  4 goblins
  2 kobolds
  2 rats (D:2)
34 creatures vanquished.

Notes
Turn   | Place    | Note
-------+----------+-------------------------------------------
     0 | D:1      | shadowrider38 the Ghoul Monk began the quest for the Orb.
     0 | D:1      | Reached XP level 1. HP: 19/19 MP: 0/0
   192 | D:1      | Reached XP level 2. HP: 24/26 MP: 1/1
   201 | D:1      | Reached skill level 4 in Unarmed Combat
   770 | D:1      | Reached XP level 3. HP: 31/31 MP: 2/2
  1503 | D:2      | Reached skill level 5 in Unarmed Combat
  1599 | D:2      | Noticed Robin
  1620 | D:2      | Slain by a jackal

Illustrated notes

Levels and vault maps discovered:
D:1:      scummos_arrival_hexagon, layout_loops_ring, serial_bayou_lagoon_b
D:2:      layout_loops_cross, basic_altar, roderic_lattice_a,
          kennysheep_generic_room_4, uniq_robin

Skill      XL: |  1  2  3 |
---------------+----------+-----
Unarmed Combat | 4 5 |  5.0
Fighting       | |  3.2
Dodging        | |  2.6
Stealth        | |  2.1

Action                   || total
-------------------------++-------
Melee: Unarmed           ||    87
       Punch             ||     3
 Stab: Sleeping          ||     5
Armor: Robe              ||    16
Dodge: Dodged            ||    60
